 Dungeon Crawl Stone Soup version 0.20-a0-434-g93bceec (webtiles) character file.

923412 Da5id the Axe Maniac (level 27, -8/272 (273) HPs)
             Began as a Hill Orc Fighter on Jan 4, 2017.
             Was the Champion of Makhleb.
             Killed from afar by a shard shrike (15 damage)
             ... with a shard of ice
             ... created by the effects of Hell
             ... on level 7 of Cocytus.
             The game lasted 05:51:53 (95273 turns).

Da5id the Axe Maniac (Hill Orc Fighter)            Turns: 95273, Time: 05:51:53

HP:   -8/272 (273)  AC: 42    Str: 40 (44) XL:     27
MP:   37/37         EV: 23    Int: 14      God:    Makhleb [******]
Gold: 8262          SH:  0    Dex: 23      Spells: 26/26 levels left

rFire  + . .     SeeInvis .     a - +11 executioner's axe "Paacuony" {chop, rC+ MR++ Int+3}
rCold  + + +     Gourm    .     F - +9 shadow dragon scales
rNeg   + + +     Faith    .     (shield currently unavailable)
rPois  +         Spirit   .     I - +0 hat "Riuruuc" {rPois MR- Dex+7}
rElec  +         Reflect  .     x - +2 cloak of This Worked Last Time {rN+ Str+6 Dex+2}
rCorr  .         Harm     .     m - +2 pair of gloves of Vlad {rN++ MR++ Int-2}
MR     +++++                    A - +2 pair of boots of the Assassin {DetectMon Stab+ Stlth++}
Stlth  +++++++...               c - amulet "Zexucucw" {rElec Regen+}
                                q - ring "Jing" {MR+ Str+10 Int+3}
                                j - ring "Need" {rF+ rC++ MR-}

@: no status effects
A: clever 1
}: 6/15 runes: barnacled, slimy, silver, bone, abyssal, gossamer
a: Minor Destruction, Lesser Servant of Makhleb, Major Destruction, Greater
Servant of Makhleb, Renounce Religion


You were on level 7 of Cocytus.
You worshipped Makhleb.
Makhleb was exalted by your worship.
You were not hungry.

You visited 14 branches of the dungeon, and saw 68 of its levels.
You visited Pandemonium 1 time, and saw 7 of its levels.
You visited the Abyss 3 times.
You also visited: Labyrinth, Trove, Ice Cave and Wizlab.

You collected 11282 gold pieces.
You spent 3020 gold pieces at shops.

Inventory:

Hand Weapons
 a - the +11 executioner's axe "Paacuony" (weapon) {chop, rC+ MR++ Int+3}
   (You acquired it in a labyrinth)

   It inflicts extra damage upon your enemies.
   It affects your intelligence (+3).
   It protects you from cold.
   It affects your resistance to hostile enchantments.
 b - the +9 heavy crossbow "Sniper" {velocity, nevermiss, SInv}
   (You found it on level 1 of the Depths)

   Any bolt fired from it inflicts extra damage.
   It lets you see invisible.
Missiles
 W - 2066 bolts (quivered)
Armour
 m - the +2 pair of gloves of Vlad (worn) {rN++ MR++ Int-2}
   (Okawaru gifted it to you on level 5 of the Vaults)

   It affects your intelligence (-2).
   It greatly protects you from negative energy.
   It affects your resistance to hostile enchantments.
 x - the +2 cloak of This Worked Last Time (worn) {rN+ Str+6 Dex+2}
   (You acquired it on level 2 of the Shoals)

   It affects your strength (+6).
   It affects your dexterity (+2).
   It protects you from negative energy.
 A - the +2 pair of boots of the Assassin (worn) {DetectMon Stab+ Stlth++}
   (You found it in a treasure trove)

   It makes you much more stealthy.
 F - +9 shadow dragon scales (worn)
 H - a +2 pair of gloves of archery
 I - the +0 hat "Riuruuc" (worn) {rPois MR- Dex+7}
   (Okawaru gifted it to you on level 3 of the Depths)

   It affects your dexterity (+7).
   It protects you from poison.
   It affects your resistance to hostile enchantments.
Magical Staves
 y - an uncursed staff of energy {unknown}
Jewellery
 c - the amulet "Zexucucw" (around neck) {rElec Regen+}
   (You acquired it on level 1 of the Vaults)

   [amulet of regeneration]

   It insulates you from electricity.
   It increases your rate of regeneration.
 d - the ring of the Demon Prince {Dex+3 Slay+3 SInv}
   (You acquired it on level 1 of the Realm of Zot)

   [ring of see invisible]

   It affects your dexterity (+3).
   It affects your accuracy and damage with ranged weapons and melee attacks
   (+3).
   It lets you see invisible.
 j - the ring "Need" (left hand) {rF+ rC++ MR-}
   (You found it on level 5 of the Pits of Slime)

   [ring of protection from fire]

   It protects you from fire.
   It greatly protects you from cold.
   It affects your resistance to hostile enchantments.
 q - the ring "Jing" (right hand) {MR+ Str+10 Int+3}
   (You found it on level 3 of the Elven Halls)

   [ring of intelligence]

   It affects your strength (+10).
   It affects your intelligence (+3).
   It affects your resistance to hostile enchantments.
 L - the ring "Tonn" {rPois rF+ Int+3 Stlth+}
   (You found it on level 7 of Cocytus)

   [ring of protection from fire]

   It affects your intelligence (+3).
   It protects you from fire.
   It protects you from poison.
   It makes you more stealthy.
 Q - an uncursed ring of resist corrosion
 U - an uncursed ring of resist corrosion
 Y - the ring "Jemin" {MR++ EV+3}
   (You found it on level 7 of Tartarus)

   [ring of evasion]

   It affects your evasion (+3).
   It affects your resistance to hostile enchantments.
Wands
 o - a wand of digging (12/24)
 r - a wand of digging (15/24)
Scrolls
 e - 9 scrolls of blinking
 k - 7 scrolls of magic mapping
 l - a scroll of enchant weapon
 n - 27 scrolls of identify
 p - 3 scrolls of torment
 s - 8 scrolls of fog
 t - 3 scrolls of silence
 B - 2 scrolls of summoning
 C - 26 scrolls of teleportation
 D - 4 scrolls of amnesia
 P - 21 scrolls of remove curse
 S - 4 scrolls of fear
 V - 9 scrolls of immolation
Potions
 g - a potion of heal wounds
 h - a potion of berserk rage
 i - 7 potions of flight
 v - 7 potions of curing
 w - 2 potions of resistance
 z - 13 potions of invisibility
 E - 4 potions of agility
 G - 3 potions of haste
 J - 4 potions of cure mutation
 K - a potion of brilliance
 O - 4 potions of lignification
 X - 2 potions of cancellation
 Z - a potion of magic
Miscellaneous
 M - a sack of spiders
Comestibles
 f - 31 bread rations
 u - 8 meat rations
 N - 48 fruits
 R - 12 chunks of flesh


   Skills:
 O Level 27 Fighting
 O Level 27 Axes
 - Level 22.0 Crossbows
 - Level 24.0 Armour
 - Level 15.0 Dodging
 O Level 27 Stealth
   Level 3.2 Shields
 + Level 20.9 Invocations


You had 26 spell levels left.
You didn't know any spells.

Dungeon Overview and Level Annotations

Branches:
Dungeon (15/15)            Temple (0/1) D:4            Lair (6/6) D:9
 Shoals (4/4) Lair:3       Spider (4/4) Lair:4        Slime (5/5) Lair:5
    Orc (2/2) D:12            Elf (3/3) Orc:2        Vaults (5/5) D:13
  Crypt (3/3) Vaults:2       Tomb (0/3) Crypt:3      Depths (5/5) D:15
   Hell (1/1)                 Dis (0/7) Hell            Geh (0/7) Hell
    Coc (7/7) Hell            Tar (7/7) Hell            Zot (1/5) Depths:5

Altars:
Ashenzari
Elyvilon
Fedhas
Kikubaaqudgha
Makhleb
Okawaru
Qazlal
Ru
Sif Muna
Xom
Yredelemnul
Zin
The Shining One
Beogh
Jiyva

Shops:
D:5 (   D:6 [   D:8 }   Orc:1 :   Orc:2 !(!(   Elf:1 [   Elf:2 *   Shoals:1 (
Vaults:1 (   Vaults:4 }   Vaults:5 ![=?

Portals:
Hell: Lair:6 Depths:1 Depths:2 Depths:3 Depths:4 Depths:5
Abyss: Depths:4 Depths:5
Pandemonium: Depths:2 Depths:3 Depths:4
Ziggurat: Depths:2

Annotations:
Elf:3 4 exclusions


Innate Abilities, Weirdness & Mutations

Your mind is acute. (Int +2)


Message History

The shard of ice hits you! You partially resist.
* * * LOW HITPOINT WARNING * * *
The shard shrike barely misses you.
The Ice Fiend calls on the powers of darkness!
Your body is wracked with pain!
* * * LOW HITPOINT WARNING * * *
The shard shrike convulses! x2; The shard shrike claws you.
* * * LOW HITPOINT WARNING * * *
The shard shrike freezes you! You resist.
* * * LOW HITPOINT WARNING * * *
Your unstable footing causes you to fumble your attack.
The shard shrike claws you but does no damage.
The shard shrike claws you!
* * * LOW HITPOINT WARNING * * *
The shard shrike freezes you. You resist.
* * * LOW HITPOINT WARNING * * *
The shard shrike misses you.
The shard shrike spits a shard of ice at you.
The shard of ice hits you! You partially resist.
You die...

.....###≈≈≈≈≈.#,......,*#.:..#..##.
###...≈#≈≈≈≈≈≈.#......####))....###
**##..≈##≈≈≈≈≈≈.#....#.###########.
≈≈≈#≈≈.≈##≈≈≈≈≈≈.####.≈.#########.≈
≈≈≈###≈.≈##≈≈≈≈≈≈(...≈≈≈[#.....#)≈≈
≈≈≈≈≈##≈.≈##≈≈≈≈≈≈≈≈≈.≈.#.......#.≈
≈≈≈{≈≈##≈.≈##≈≈≈≈≈≈≈.≈.#.....#...#.
≈≈{≈≈≈≈##≈.≈≈≈≈≈bbb.≈≈.#....#....#.
≈≈≈≈≈≈≈≈##††≈#≈##@b≈≈≈.#.........#.
≈≈≈≈≈≈≈≈≈#≈)..#.1#≈≈≈≈.#.........#.
,≈,,≈≈≈≈≈≈≈#......#≈≈≈≈.#.......#.≈
*,**,≈≈≈≈≈≈≈#.≈...#≈≈≈≈≈.#..#..#.≈≈
,*,,#.≈≈≈≈≈#.(.≈.#≈≈≈≈≈≈≈.##.##.≈≈≈
,,,,.#.≈≈≈≈#......#≈≈≈≈≈≈≈..≈..≈≈≈≈
,,,,..#.≈≈≈≈#..#..#≈≈≈≈≈≈≈≈≈≈≈≈≈≈≈≈
,,,,..#.≈≈≈.≈##≈##≈≈≈≈≈≈≈≈≈≈≈≈≈≈≈≈≈
*,*,,,#.≈≈.≈≈≈≈≈≈≈≈≈≈≈≈≈≈≈≈≈≈≈≈≈≈≈≈


You could see 4 shard shrikes and an Ice Fiend.

Vanquished Creatures
  the Royal Jelly (Slime:5)
  Ereshkigal (Tar:7)
  Mennas (Vaults:3)
  A juggernaut (Depths:4)
  3 ancient liches
  Sojobo (Crypt:3)
  Boris (Depths:3)
  Margery (Vaults:3)
  Frederick (Depths:3)
  Geryon (Hell)
  4 pandemonium lords (Pan)
  8 golden dragons
  14 bone dragons
  Jorgrun (Depths:3)
  45 Tzitzimimeh
  16 doom hounds
  3 Brimstone Fiends
  A hellephant (Abyss:4)
  The ghost of xnavy the Bringer of Life, an adept DDMo of Elyvilon (Vaults:2)
  8 tentacled monstrosities
  Asterion (Depths:2)
  5 liches
  7 Ice Fiends
  Murray (Hell)
  5 deep elf blademasters
  18 acid blobs
  2 quicksilver dragons
  6 ancient champions
  7 deep elf master archers
  4 tentacled starspawn
  Frances (Spider:2)
  2 death cobs (Zot:1)
  An Executioner (Pan)
  An eldritch tentacle (Tar:3)
  16 titans
  2 thorn hunters (Depths:1)
  Kirke (Spider:2)
  6 sphinxes
  15 shadow dragons
  18 tengu reavers
  9 storm dragons
  2 draconian monks (Zot:1)
  Polyphemus (Shoals:2)
  Ilsuiw (Shoals:4)
  12 azure jellies
  Roxanne (D:14)
  3 revenants
  3 warmongers (Pan)
  9 deep elf sorcerers
  27 fire giants
  A draconian knight (Zot:1)
  Louise (Spider:1)
  25 vault wardens
  4 ghost moths
  3 draconian scorchers
  A daeva (Abyss:4)
  26 frost giants
  3 iron dragons
  2 curse skulls (Crypt:3)
  2 black suns (Pan)
  3 emperor scorpions (Spider:4)
  Aizul (Depths:1)
  A cacodemon (Pan)
  3 draconian stormcallers (Zot:1)
  A corrupter (Pan)
  An orc warlord (Depths:2)
  14 ironheart preservers
  2 draconian shifters
  4 ghouls
  9 balrugs
  A war gargoyle (Vaults:5)
  5 blood saints (Pan)
  26 very ugly things
  3 deep elf elementalists
  A juggernaut skeleton (Crypt:2)
  55 reapers
  2 draconian annihilators
  A spriggan defender (Depths:3)
  41 stone giants
  10 vampire knights
  3 green draconians
  6 elemental wellsprings
  6 entropy weavers
  3 black draconians
  11 deep elf demonologists
  4 red draconians
  10 white draconians
  11 lorocyprocas
  A dire elephant (D:15)
  3 purple draconians (Zot:1)
  8 yellow draconians
  14 deep elf annihilators
  Snorg (Lair:6)
  4 spark wasps
  13 blizzard demons
  8 eidola
  4 green deaths
  An orange crystal statue (WizLab)
  17 ettins
  8 fire dragons
  3 quicksilver dragon zombies
  A minotaur (Lab)
  9 merfolk javelineers
  9 merfolk impalers
  2 spectral krakens (Tar:7)
  11 death oozes (Slime:5)
  Josephine (Spider:1)
  Erolcha (Orc:1)
  18 great orbs of eyes
  3 deep elf high priests
  36 vault guards
  13 jiangshi
  The ghost of droogie the Fighter, a journeyman GrMo of Okawaru (Lair:3)
  15 yaktaur captains
  7 deep elf death magi
  8 hydras
  14 rakshasas
  Fannar (Orc:2)
  A quicksilver dragon skeleton (Crypt:3)
  28 ice dragons
  A kraken zombie (Coc:6)
  An ice dragon (shapeshifter) (Vaults:1)
  2 catoblepae
  A ghost crab (shapeshifter) (Depths:2)
  A hell beast (Depths:1)
  4 spriggan air magi
  12 centaur warriors
  5 monstrous demonspawn (Pan)
  3 merfolk avatars (Shoals:4)
  2 anacondas (shapeshifter)
  2 ghost crabs
  43 two-headed ogres
  23 starcursed masses
  9 deep troll shamans
  7 death knights
  4 alligator snapping turtles
  6 merfolk aquamancers
  26 dancing weapons
  13 deep troll earth magi
  14 ogre magi
  7 tengu warriors
  12 vampire magi
  An alligator (Tar:1)
  8 death scarabs (Spider:4)
  16 death yaks
  30 large abominations
  8 hell hogs
  4 titan zombies
  10 thrashing horrors
  19 sun demons
  20 hell knights
  4 orc high priests
  8 spriggan berserkers
  A storm dragon zombie (Tar:5)
  37 deep elf knights
  Sonja (D:14)
  3 wretched stars
  44 soul eaters
  A fire crab (shapeshifter) (Vaults:3)
  2 shock serpents (shapeshifter)
  A hellephant skeleton (Crypt:3)
  4 shadow wraiths
  A titan skeleton (Coc:2)
  3 storm dragon skeletons
  A salamander mystic (Depths:2)
  158 skeletal warriors
  5 iron trolls
  An iron giant zombie (Crypt:2)
  2 death drakes (shapeshifter)
  5 anaconda zombies
  10 unseen horrors
  35 deep trolls
  4 infernal demonspawn (Pan)
  The ghost of Kortx the Blocker, a novice FoFi of Okawaru (D:6)
  13 sixfirhies
  5 spatial maelstroms
  7 gelid demonspawn (Pan)
  21 small abominations
  A ghost moth zombie (Tar:7)
  12 sea snakes
  9 glowing orange brains
  5 torturous demonspawn (Pan)
  18 flayed ghosts
  36 shadow demons
  3 golden dragon zombies
  A shadow dragon zombie (Tar:5)
  36 deep elf archers
  2 tengu zombies
  3 wolf spider zombies
  11 necromancers
  25 harpies
  5 spectral wolf spiders (Spider:4)
  21 orb spiders
  94 deep elf magi
  4 wizards
  24 orc knights
  18 phantasmal warriors
  3 anaconda skeletons
  27 ironbrand convokers
  A statue (Abyss:5)
  4 iron dragon zombies
  7 manticores
  5 oklob plants
  19 ugly things
  A salamander (shapeshifter) (Depths:3)
  4 tengu skeletons
  2 mana vipers (shapeshifter)
  3 shadow dragon skeletons
  11 cyclopes
  6 frost giant zombies
  6 iron dragon skeletons
  3 fire giant zombies
  7 shining eyes
  33 wolf spiders
  3 stone giant zombies
  2 worldbinders
  4 elephants (Lair:6)
  2 fauns
  10 orc sorcerers
  3 rust devils
  10 moths of wrath
  3 salamanders
  6 frost giant skeletons
  A black mamba (shapeshifter) (Vaults:4)
  2 elf zombies
  A faun (shapeshifter) (Depths:2)
  9 black mambas
  4 fire giant skeletons
  Maurice (Orc:1)
  10 merfolk sirens
  An alligator snapping turtle zombie (Crypt:2)
  2 guardian serpents (shapeshifter)
  An ice statue (IceCv)
  3 dire elephant zombies
  9 stone giant skeletons
  An apocalypse crab (Abyss:1)
  2 shock serpent zombies
  11 orange demons
  17 vault sentinels
  A red draconian zombie (Coc:7)
  35 smoke demons
  9 water nymphs
  4 torpor snails
  3 eyes of devastation
  6 spriggan zombies (Hell)
  11 spectral swamp worms (Tar:7)
  3 storm dragon simulacra
  A water nymph (shapeshifter) (Depths:2)
  3 spectral redbacks (Spider:4)
  10 spiny frogs
  2 titan simulacra (Coc:7)
  2 shock serpent skeletons
  12 komodo dragons
  4 rime drakes (Lair:6)
  An emperor scorpion zombie (Tar:5)
  A catoblepas zombie (Tar:4)
  3 spectral deep trolls (Crypt:1)
  43 freezing wraiths
  18 hellions
  5 dire elephant skeletons
  A purple draconian skeleton (Crypt:3)
  3 efreet
  2 tengu conjurers
  55 yaktaurs
  12 red devils
  4 anaconda simulacra
  3 hydra zombies
  26 ice devils
  25 demonic crawlers
  A redback zombie (Spider:4)
  7 hellwings
  20 tormentors
  2 yaktaur skeletons
  A polar bear (shapeshifter) (D:13)
  4 human skeletons
  6 ancient zymes
  2 hornets (shapeshifter)
  19 trolls
  23 jumping spiders
  A jumping spider (shapeshifter) (Depths:3)
  2 queen bees
  28 merfolk
  3 meliai (Lair:4)
  2 harpy zombies
  23 raiju
  13 silent spectres
  3 bog bodies (Coc:7)
  A death drake zombie (Crypt:1)
  5 polar bears (D:12)
  20 hornets
  A troll (shapeshifter) (Vaults:4)
  A shadow dragon simulacrum (Vaults:3)
  88 slime creatures
  7 wind drakes
  A death drake skeleton (Crypt:3)
  6 spectral jumping spiders (Spider:4)
  A frost giant simulacrum (Vaults:4)
  9 hydra skeletons
  3 spectral tarantellas (Spider:4)
  A minotaur skeleton (Coc:7)
  A wolf spider simulacrum (IceCv)
  27 blink frogs
  5 harpy skeletons
  7 snapping turtles
  A blink frog (shapeshifter) (Abyss:3)
  2 alligator zombies
  5 jumping spider zombies
  5 fire dragon zombies
  An iron dragon simulacrum (Tar:5)
  A tarantella zombie (Spider:4)
  21 dream sheep
  14 hippogriffs
  5 ice dragon zombies
  A fire giant simulacrum (Vaults:2)
  6 ettin zombies
  3 black mamba zombies
  82 flying skulls
  31 water elementals
  8 air elementals
  3 fire dragon skeletons
  8 ice dragon skeletons
  73 redbacks
  5 wyverns
  2 spriggan skeletons
  13 ynoxinuls
  A shapeshifter (Vaults:1)
  33 shadows
  6 spriggans
  24 tarantellas
  A hog (Spider:2)
  8 ettin skeletons
  A hog (shapeshifter) (Vaults:3)
  An alligator skeleton (Crypt:3)
  3 vampires
  5 fire bats
  3 basilisks
  14 chaos spawn
  40 yaks
  10 fire elementals
  7 golden eyes
  25 wraiths
  9 neqoxecs
  12 hungry ghosts
  2 human simulacra
  Edmund (D:5)
  12 vampire mosquitoes
  5 swamp worms (Lair:2)
  7 wargs
  7 spatial vortices
  3 insubstantial wisps
  A merfolk zombie (Crypt:1)
  2 monstrous demonspawn skeletons
  3 acid dragons
  8 water moccasins
  10 porcupines
  2 floating eyes (shapeshifter)
  37 hell hounds
  A soldier ant (D:11)
  2 soldier ants (shapeshifter)
  8 hydra simulacra (Coc:7)
  6 spiny frog zombies
  A hell hound (shapeshifter) (Elf:2)
  A merfolk skeleton (Coc:2)
  A hornet zombie (D:9)
  A deep troll skeleton (Crypt:3)
  A swamp drake (D:9)
  4 sky beasts
  17 ice beasts
  40 orc warriors
  2 spiny frog skeletons
  2 black bears
  A fire dragon simulacrum (Tar:7)
  9 eyes of draining
  12 phantoms
  2 alligator simulacra
  A black bear (shapeshifter) (Depths:2)
  50 ogres
  A blink frog zombie (Crypt:2)
  9 centaurs
  47 necrophages
  9 wolves
  A snapping turtle zombie (Tar:3)
  10 boggarts
  A manticore zombie (Coc:5)
  5 swamp dragon skeletons
  12 crocodiles
  5 snapping turtle skeletons
  2 manticore skeletons
  A yaktaur zombie (Hell)
  A crocodile (shapeshifter) (Depths:4)
  Blork the orc (D:6)
  5 big kobolds
  3 human zombies
  18 bullfrogs
  A gnoll sergeant (D:10)
  2 earth elementals
  A spiny frog simulacrum (Hell)
  A wyvern zombie (D:14)
  A water moccasin skeleton (D:5)
  A troll zombie (Crypt:3)
  3 scorpions
  A shapeshifter zombie (Crypt:1)
  53 killer bees
  5 electric eels
  77 wights
  5 crimson imps
  A bullfrog zombie (D:11)
  A basilisk zombie (Crypt:1)
  3 centaur zombies
  7 quasits
  3 bullfrog skeletons
  5 draconian simulacra (IceCv)
  4 jellies
  7 centaur skeletons
  32 orc priests
  6 hounds
  2 iron imps
  5 iguanas
  28 orc wizards
  A polar bear simulacrum (IceCv)
  4 spriggan simulacra
  4 troll simulacra (IceCv)
  A hell rat (Depths:1)
  17 worker ants
  2 lightning spires (Abyss:3)
  A wolf simulacrum (IceCv)
  2 naga zombies
  4 centaur simulacra
  A deep dwarf skeleton (Crypt:3)
  A felid skeleton (Crypt:3)
  A naga skeleton (Tar:2)
  An ogre skeleton (Tar:4)
  Robin (D:4)
  A howler monkey zombie (D:8)
  A worker ant zombie (D:9)
  17 gnolls
  22 adders
  3 naga simulacra (IceCv)
  4 ogre simulacra
  27 shadow imps
  30 white imps
  5 ufetubi
  An ooze (Lair:5)
  A worm zombie (Crypt:1)
  2 adder skeletons
  18 worms
  7 dart slugs
  4 leopard geckos
  127 orcs
  3 ball pythons
  9 giant cockroaches
  11 hobgoblins
  12 jackals
  6 quokkas
  A ball python zombie (Crypt:3)
  9 bats
  2 frilled lizards
  11 goblins
  A goblin skeleton (Crypt:1)
  A jackal zombie (D:7)
  24 kobolds
  A leopard gecko skeleton (D:4)
  2 leopard gecko zombies
  An orc skeleton (Crypt:3)
  2 orc zombies
  12 rats
  A briar patch (Depths:1)
  3 bushes (Depths:5)
  4 crawling corpses (Elf:3)
  2 fire vortices (Pan)
  4 fungi
  A lurking horror (Abyss:3)
  4 plants
  A starspawn tentacle (Abyss:3)
  6 tentacles
4388 creatures vanquished.

Vanquished Creatures (others)
  A pandemonium lord (Pan)
  A doom hound (Tar:1)
  An eldritch tentacle (Tar:3)
  An elemental wellspring (Coc:2)
  A stone giant (Tar:4)
  A sun demon (Pan)
  A smoke demon (Pan)
  A redback (Spider:2)
  4 chaos spawn (Pan)
  A neqoxec (Pan)
  A porcupine (Lair:5)
  An ogre (Vaults:2)
  2 orcs (D:9)
  A briar patch (Depths:1)
  A crawling corpse (Elf:3)
  A demonic plant (Abyss:5)
  A fire vortex (Pan)
  7 fungi
  19 plants
  5 starspawn tentacles
  12 tentacles
64 creatures vanquished.

Grand Total: 4452 creatures vanquished

Notes
Turn   | Place    | Note
-------+----------+-------------------------------------------
     0 | D:1      | Da5id the Hill Orc Fighter began the quest for the Orb.
     0 | D:1      | Reached XP level 1. HP: 19/19 MP: 1/1
   117 | D:1      | Reached XP level 2. HP: 25/26 MP: 2/2
   681 | D:1      | Reached XP level 3. HP: 31/31 MP: 3/3
  1016 | D:2      | Found a burning altar of Makhleb.
  1016 | D:2      | Found an iron altar of Okawaru.
  1019 | D:2      | Found a glowing golden altar of the Shining One.
  1030 | D:2      | Became a worshipper of Warmaster Okawaru
  1037 | D:2      | Reached skill level 5 in Axes
  1172 | D:2      | Reached skill level 1 in Invocations
  1172 | D:2      | Reached XP level 4. HP: 34/39 MP: 3/5
  1913 | D:3      | Reached XP level 5. HP: 44/45 MP: 7/7
  2258 | D:3      | Found a shimmering altar of Xom.
  2450 | D:3      | Reached skill level 5 in Invocations
  2866 | D:3      | Found a glowing silver altar of Zin.
  2875 | D:3      | Found a blossoming altar of Fedhas.
  2879 | D:3      | Found a sacrificial altar of Ru.
  2880 | D:3      | Found a deep blue altar of Sif Muna.
  2957 | D:3      | Found a sacrificial altar of Ru.
  3077 | D:4      | Reached XP level 6. HP: 16/51 MP: 10/10
  3153 | D:4      | Noticed a phantom
  3864 | D:4      | Reached * piety under Okawaru
  3916 | D:4      | Noticed Robin
  4568 | D:4      | Found a shattered altar of Ashenzari.
  4769 | D:4      | Found a stormy altar of Qazlal.
  4820 | D:4      | Found a staircase to the Ecumenical Temple.
  5008 | D:4      | Killed Robin
  5008 | D:4      | Reached XP level 7. HP: 43/57 MP: 11/11
  5247 | D:5      | Entered Level 5 of the Dungeon
  5579 | D:5      | Noticed Edmund
  5594 | D:5      | Killed Edmund
  6026 | D:5      | Reached ** piety under Okawaru
  6026 | D:5      | Reached skill level 5 in Fighting
  6031 | D:5      | Gained mutation: Your magical capacity is low. (-10% MP) [mutagenic meat]
  6101 | D:5      | Reached XP level 8. HP: 64/68 MP: 11/11
  6188 | D:5      | Found Amuce's Weapon Shop.
  6584 | D:6      | Noticed Blork the orc
  6614 | D:6      | Killed Blork the orc
  6622 | D:6      | Reached skill level 10 in Axes
  6630 | D:6      | Noticed Kortx's ghost (novice FoFi)
  6662 | D:6      | Killed Kortx's ghost
  6662 | D:6      | Reached XP level 9. HP: 52/74 MP: 12/12
  7198 | D:6      | Found Tihuclick's Armour Shoppe.
  7340 | D:5      | Bought a +0 battleaxe of flaming for 205 gold pieces
  7473 | D:6      | Reached *** piety under Okawaru
  7682 | D:7      | Found a basalt altar of Yredelemnul.
  8475 | D:8      | Found Caifoude's Gadget Shop.
  8601 | D:8      | Found a white marble altar of Elyvilon.
  8748 | D:8      | Reached skill level 15 in Axes
  8748 | D:8      | Reached XP level 10. HP: 77/81 MP: 13/13
  8758 | D:8      | Reached **** piety under Okawaru
  8793 | D:8      | Noticed a three-headed hydra
  8798 | D:8      | Killed a one-headed hydra
  8893 | D:9      | Reached ***** piety under Okawaru
  9019 | D:9      | Found a staircase to the Lair.
  9480 | D:9      | Paralysed by a hornet for 1 turns
  9770 | D:9      | Reached skill level 10 in Invocations
  9796 | D:9      | Noticed a deep elf mage
  9798 | D:9      | Noticed a deep elf mage
  9802 | D:9      | Killed a deep elf mage
  9802 | D:9      | Reached XP level 11. HP: 54/86 MP: 13/17
  9807 | D:9      | Killed a deep elf mage
 10488 | D:10     | Entered Level 10 of the Dungeon
 10519 | D:10     | Received a gift from Okawaru
 11016 | D:10     | Reached skill level 5 in Armour
 11262 | D:10     | Reached skill level 1 in Dodging
 11341 | Lair:1   | Entered Level 1 of the Lair of Beasts
 12560 | Lair:1   | Noticed a two-headed ogre
 12567 | Lair:1   | Killed a two-headed ogre
 13112 | Lair:2   | Reached XP level 12. HP: 94/101 MP: 17/19
 13130 | Lair:2   | Got a silken robe
 13471 | Lair:2   | Received a gift from Okawaru
 13480 | Lair:2   | Got a dazzling crystal plate armour {god gift}
 13491 | Lair:2   | Identified the +7 crystal plate armour of Filth {SInv} (Okawaru gifted it to you on level 2 of the Lair of Beasts)
 14094 | Lair:3   | Found a staircase to the Shoals.
 14104 | Lair:3   | Noticed droogie's ghost (journeyman GrMo)
 14113 | Lair:3   | Killed droogie's ghost
 14455 | Lair:3   | Noticed a catoblepas
 14466 | Lair:3   | Killed a catoblepas
 14466 | Lair:3   | Reached skill level 10 in Fighting
 14828 | Lair:3   | Reached skill level 10 in Armour
 15075 | Lair:3   | Noticed a seven-headed hydra
 15083 | Lair:3   | Killed a one-headed hydra
 15084 | Lair:3   | Reached XP level 13. HP: 102/116 MP: 19/19
 15099 | Lair:3   | Got a bloodstained hand crossbow
 15100 | Lair:3   | Identified the +11 hand crossbow of Arbitration {elec, Str+2 Int+3 Dex+4} (You found it on level 3 of the Lair of Beasts)
 15232 | Lair:3   | Reached skill level 1 in Crossbows
 15510 | Lair:4   | Found a hole to the Spider Nest.
 15690 | Lair:4   | Received a gift from Okawaru
 15853 | Lair:4   | Reached skill level 5 in Crossbows
 16761 | Lair:5   | Found a staircase to the Slime Pits.
 17953 | Lair:5   | Identified the Papyrus of Fire and Stolen Souls
 18054 | Lair:6   | Entered Level 6 of the Lair of Beasts
 18363 | Lair:6   | Reached XP level 14. HP: 117/125 MP: 14/20
 18369 | Lair:6   | Received a gift from Okawaru
 18574 | Lair:6   | Noticed Snorg
 18589 | Lair:6   | Killed Snorg
 18986 | Lair:6   | Found a burning altar of Makhleb.
 19033 | Lair:6   | Found a gateway to Hell.
 19048 | Lair:6   | Got a warped spear
 19766 | Lair:6   | Received a gift from Okawaru
 19769 | Lair:6   | Got a distressingly furry chain mail {god gift}
 19770 | Lair:6   | Identified the +7 chain mail of Zityusuad {MR+} (Okawaru gifted it to you on level 6 of the Lair of Beasts)
 20118 | Lair:6   | Gained mutation: You are partially covered in iridescent scales. (AC +2) [potion of beneficial mutation]
 20130 | Lair:6   | Reached XP level 15. HP: 136/136 MP: 21/21
 20459 | D:11     | Found a roughly hewn altar of Beogh.
 20525 | D:11     | Found a labyrinth entrance.
 20537 | Lab      | Entered a labyrinth
 21449 | Lab      | Identified a scroll of acquirement
 21450 | Lab      | Got a polished executioner's axe
 21451 | Lab      | Identified the +11 executioner's axe "Paacuony" {chop, rC+ MR++ Int+3} (You acquired it in a labyrinth)
 21765 | D:11     | Reached XP level 16. HP: 131/145 MP: 22/22
 22034 | D:11     | Got a bone hunting sling
 22135 | D:12     | Found a frozen archway.
 22142 | IceCv    | Entered an ice cave
 22264 | IceCv    | Found an ancient bone altar of Kikubaaqudgha.
 22551 | D:12     | Found a staircase to the Orcish Mines.
 23050 | D:12     | Received a gift from Okawaru
 23222 | D:13     | Found a gate to the Vaults.
 23244 | D:13     | Received a gift from Okawaru
 24129 | D:14     | Noticed Roxanne
 24140 | D:14     | Killed Roxanne
 24253 | D:14     | Noticed Sonja
 24257 | D:14     | Killed Sonja
 24878 | Orc:1    | Entered Level 1 of the Orcish Mines
 24878 | Orc:1    | Noticed Erolcha
 24883 | Orc:1    | Killed Erolcha
 24893 | Orc:1    | Reached skill level 10 in Crossbows
 24896 | Orc:1    | Received a gift from Okawaru
 24899 | Orc:1    | Found a roughly hewn altar of Beogh.
 25137 | Orc:1    | Noticed Maurice
 25150 | Orc:1    | Killed Maurice
 25441 | Orc:1    | Found Qibos's Book Emporium.
 25523 | Orc:1    | Received a gift from Okawaru
 25631 | Orc:1    | Found a roughly hewn altar of Beogh.
 25715 | Orc:2    | Entered Level 2 of the Orcish Mines
 25715 | Orc:2    | Found Huttop's Distillery.
 25715 | Orc:2    | Found Qokaru's Weapon Shop.
 25715 | Orc:2    | Noticed Fannar
 25729 | Orc:2    | Killed Fannar
 25735 | Orc:2    | Received a gift from Okawaru
 25735 | Orc:2    | Reached XP level 17. HP: 148/154 MP: 16/23
 26045 | Orc:2    | Received a gift from Okawaru
 26075 | Orc:2    | Found Wupot's Distillery.
 26080 | Orc:2    | Found Puanedghe's Weapon Shoppe.
 26167 | Orc:2    | Found a staircase to the Elven Halls.
 26177 | Orc:2    | Bought a potion of berserk rage for 75 gold pieces
 26177 | Orc:2    | Bought a potion of haste for 150 gold pieces
 26177 | Orc:2    | Bought a potion of heal wounds for 75 gold pieces
 26670 | D:15     | Entered Level 15 of the Dungeon
 26843 | D:15     | Found a white marble altar of Elyvilon.
 26902 | D:15     | Reached skill level 15 in Fighting
 27116 | D:15     | Got a black opal-studded ring mail
 27161 | D:15     | Reached skill level 5 in Dodging
 27214 | D:15     | Found a staircase to the Depths.
 27762 | D:15     | Found a runed door.
 28618 | Spider:1 | Entered Level 1 of the Spider Nest
 28704 | Spider:1 | Noticed Louise
 28714 | Spider:1 | Killed Louise
 28790 | Spider:1 | Identified the +4 ring mail of Mental Paralysis {Dex+3 Stlth+} (You found it on level 15 of the Dungeon)
 28913 | Spider:1 | Noticed Josephine
 28932 | Spider:1 | Killed Josephine
 30131 | Spider:1 | Gained mutation: You are agile. (Dex +2) [potion of beneficial mutation]
 30133 | Spider:1 | Got a crude helmet
 30144 | Spider:1 | Identified the +0 helmet "Madomnus" {rPois rC+} (You acquired it on level 1 of the Spider Nest)
 30148 | Spider:1 | Got a faintly humming chain mail
 30149 | Spider:1 | Identified the +0 chain mail of Xudorchi {rC+} (You acquired it on level 1 of the Spider Nest)
 30671 | Spider:1 | Reached XP level 18. HP: 113/166 MP: 24/24
 30690 | Spider:1 | Received a gift from Okawaru
 31053 | Shoals:1 | Entered Level 1 of the Shoals
 31240 | Shoals:1 | Found Zuuvuis's Antique Weapon Shop.
 31493 | Shoals:1 | Bought a scorched arbalest for 209 gold pieces
 31493 | Shoals:1 | Identified the +9 arbalest of the Curious Moons {elec, rN+} (You bought it in a shop on level 1 of the Shoals)
 31765 | Shoals:2 | Noticed Polyphemus
 31774 | Shoals:2 | Killed Polyphemus
 32323 | Shoals:2 | Got a smoking cloak
 32334 | Shoals:2 | Identified the +2 cloak of This Worked Last Time {rN+ Str+6 Dex+2} (You acquired it on level 2 of the Shoals)
 32335 | Shoals:2 | Got a crude granite ring
 32337 | Shoals:2 | Identified the ring "Nanel" {rC- rN+ AC+4 Int+5} (You acquired it on level 2 of the Shoals)
 32807 | Shoals:3 | Received a gift from Okawaru
 32887 | Shoals:3 | Got a polished long sword
 33000 | Shoals:3 | Received a gift from Okawaru
 33299 | Shoals:4 | Entered Level 4 of the Shoals
 33595 | Shoals:4 | Noticed Ilsuiw
 33647 | Shoals:4 | Killed Ilsuiw
 34081 | Shoals:4 | Got a pitted halberd {pain}
 34915 | Shoals:4 | Received a gift from Okawaru
 35208 | Shoals:4 | Reached XP level 19. HP: 174/174 MP: 22/25
 35217 | Shoals:4 | Received a gift from Okawaru
 35241 | Shoals:4 | Got a barnacled rune of Zot
 35242 | Shoals:4 | Upgraded the game from 0.20-a0-433-g9e36e56 to 0.20-a0-434-g93bceec
 35631 | Shoals:4 | Reached skill level 15 in Crossbows
 35734 | Shoals:4 | Reached ****** piety under Okawaru
 36324 | Spider:2 | Received a gift from Okawaru
 36511 | Spider:2 | Noticed Frances
 36523 | Spider:2 | Killed Frances
 37582 | Spider:2 | Noticed Kirke
 37584 | Spider:2 | Killed Kirke
 39063 | Spider:4 | Entered Level 4 of the Spider Nest
 39947 | Spider:4 | Received a gift from Okawaru
 39985 | Spider:4 | Received a gift from Okawaru
 40466 | Spider:4 | Reached XP level 20. HP: 116/182 MP: 20/26
 40674 | Spider:4 | Got a gossamer rune of Zot
 41377 | Lair:3   | Found an ancient bone altar of Kikubaaqudgha.
 41580 | Vaults:1 | Entered Level 1 of the Vaults
 42024 | Vaults:1 | Received a gift from Okawaru
 42268 | Vaults:1 | Received a gift from Okawaru
 42384 | Vaults:1 | Found Yfoggeh's Antique Weapon Shop.
 42452 | Vaults:1 | Received a gift from Okawaru
 43841 | Vaults:2 | Found a portal to a secret trove of treasure.
 43849 | Vaults:2 | Reached skill level 15 in Armour
 43862 | Vaults:2 | Noticed xnavy's ghost (adept DDMo)
 43874 | Vaults:2 | Killed xnavy's ghost
 43874 | Vaults:2 | Received a gift from Okawaru
 44474 | Vaults:2 | Reached XP level 21. HP: 192/192 MP: 27/27
 45090 | Vaults:2 | Found a staircase to the Crypt.
 45697 | Vaults:3 | Received a gift from Okawaru
 46039 | Vaults:3 | Noticed Margery
 46056 | Vaults:3 | Killed Margery
 46134 | Vaults:3 | Noticed Mennas
 46151 | Vaults:3 | Killed Mennas
 46709 | Vaults:3 | Reached XP level 22. HP: 203/203 MP: 28/28
 47150 | Vaults:4 | Received a gift from Okawaru
 47531 | Vaults:4 | Reached skill level 10 in Dodging
 48401 | Vaults:4 | Found Ycienien's Gadget Shoppe.
 48621 | Vaults:4 | Received a gift from Okawaru
 48996 | Elf:1    | Entered Level 1 of the Elven Halls
 49368 | Elf:1    | Found Pyzah's Armour Shoppe.
 49482 | Elf:1    | Identified the Papyrus of Creation
 50295 | Elf:2    | Found Ludoud's Assorted Antiques.
 50298 | Elf:2    | Bought a scroll labeled KAYME TOO for 33 gold pieces
 50298 | Elf:2    | Bought 2 scrolls of teleportation for 198 gold pieces
 50298 | Elf:2    | Bought a large onyx ring for 165 gold pieces
 50344 | Elf:2    | Got an encrusted battleaxe
 50347 | Elf:2    | Found a runed gate.
 50347 | Elf:2    | Found a runed gate.
 50351 | Elf:2    | Got a brightly glowing dagger
 50358 | Elf:2    | Found a runed gate.
 51379 | Elf:2    | Reached XP level 23. HP: 188/213 MP: 28/28
 51816 | Elf:3    | Entered Level 3 of the Elven Halls
 51863 | Elf:3    | Received a gift from Okawaru
 52333 | Elf:3    | Received a gift from Okawaru
 53400 | Elf:3    | Got a spiked ring mail
 53418 | Elf:3    | Identified Sif Muna's Collected Works on Shifting Aid
 53442 | Elf:3    | Got a crude scimitar
 53455 | Elf:3    | Got a dazzling cloak
 53466 | Elf:3    | Identified the +0 cloak "Okhibief" {rN+} (You found it on level 3 of the Elven Halls)
 53509 | Elf:3    | Identified the Handbook of the Ashen Snowflakes
 53818 | Elf:3    | Got a warped platinum ring
 53820 | Elf:3    | Identified the ring "Jing" {MR+ Str+10 Int+3} (You found it on level 3 of the Elven Halls)
 53826 | Elf:3    | Got a dazzling mace
 54282 | Depths:1 | Entered Level 1 of the Depths
 54451 | Depths:1 | Received a gift from Okawaru
 54906 | Depths:1 | Received a gift from Okawaru
 55380 | Orc:2    | Bought a potion of curing for 45 gold pieces
 55380 | Orc:2    | Bought 2 potions of curing for 90 gold pieces
 55380 | Orc:2    | Bought 2 potions of curing for 90 gold pieces
 55555 | Depths:1 | Noticed Aizul
 55569 | Depths:1 | Killed Aizul
 55671 | Depths:1 | Reached skill level 27 in Axes
 55690 | Depths:1 | Reached XP level 24. HP: 197/221 MP: 28/28
 55844 | Depths:1 | Found a runed gate.
 55844 | Depths:1 | Found a runed gate.
 55844 | Depths:1 | Found a runed gate.
 57328 | Depths:2 | Received a gift from Okawaru
 57336 | Depths:2 | Got a polished executioner's axe {god gift}
 57337 | Depths:2 | Identified the +1 executioner's axe of Breach {holy, -Tele rElec rC+ Str+8} (Okawaru gifted it to you on level 2 of the Depths)
 57508 | Depths:2 | Found a runed door.
 58311 | Depths:2 | Received a gift from Okawaru
 58453 | Depths:2 | Found a gateway to a ziggurat.
 58487 | Depths:2 | Found a one-way gate leading to the halls of Pandemonium.
 58524 | Depths:2 | Got a scorched hand axe
 58571 | Depths:2 | Identified the Volume of Freezing Dark Secrets
 59240 | Vaults:2 | You paid a toll of 17 potions of curing to enter a treasure trove
 59241 | Trove    | Entered a treasure trove
 59247 | Trove    | Got a pair of faintly glowing gloves
 59258 | Trove    | Identified the +0 pair of gloves of Xocerr {*Slow rF+ Int+2 Dex+3} (You found it in a treasure trove)
 59278 | Trove    | Got a pair of distressingly furry gloves
 59289 | Trove    | Identified the -3 pair of gloves of Foolhardiness {Dex+3} (You found it in a treasure trove)
 59316 | Trove    | Got a faintly humming plate armour
 59327 | Trove    | Identified the +0 plate armour of Fogrywoa {rC+ Int-5 Dex+3} (You found it in a treasure trove)
 59347 | Trove    | Got a faintly humming hat
 59358 | Trove    | Identified the +0 hat of the Guardian {Dex+7} (You found it in a treasure trove)
 59369 | Trove    | Got a faintly glowing hat
 59380 | Trove    | Identified the +0 hat of the End {Regen+ Int-3 Dex-2 SInv} (You found it in a treasure trove)
 59813 | Depths:2 | Reached skill level 1 in Stealth
 59968 | Vaults:1 | Got a transparent tin amulet
 59969 | Vaults:1 | Identified the amulet "Zexucucw" {rElec Regen+} (You acquired it on level 1 of the Vaults)
 60092 | Depths:3 | Reached XP level 25. HP: 224/227 MP: 28/28
 60200 | Depths:3 | Received a gift from Okawaru
 60210 | Depths:3 | Got a fine hat {god gift}
 60213 | Depths:3 | Noticed Jorgrun
 60219 | Depths:3 | Killed Jorgrun
 60219 | Depths:3 | Reached skill level 5 in Stealth
 60230 | Depths:3 | Identified the +0 hat "Riuruuc" {rPois MR- Dex+7} (Okawaru gifted it to you on level 3 of the Depths)
 60683 | Depths:3 | Noticed Boris
 60697 | Depths:3 | Killed Boris
 60697 | Depths:3 | Reached skill level 10 in Stealth
 61193 | Depths:3 | Noticed Frederick
 61201 | Depths:3 | Killed Frederick
 61843 | Depths:2 | Noticed Asterion
 61860 | Depths:2 | Killed Asterion
 62046 | Depths:4 | Noticed a juggernaut
 62054 | Depths:4 | Received a gift from Okawaru
 62073 | Depths:4 | Killed a juggernaut
 62102 | Depths:4 | Got a brightly glowing rapier
 62566 | Depths:4 | Found a one-way gate to the infinite horrors of the Abyss.
 62756 | Depths:4 | Reached XP level 26. HP: 233/234 MP: 27/28
 62758 | Depths:4 | Reached skill level 15 in Stealth
 63360 | Depths:5 | Entered Level 5 of the Depths
 63390 | Depths:5 | Received a gift from Okawaru
 63410 | Depths:5 | Got ichor-stained steam dragon scales {god gift}
 63411 | Depths:5 | Identified the +2 steam dragon scales of Kleptomania {*Drain +Fly rPois Dex+10} (Okawaru gifted it to you on level 5 of the Depths)
 63794 | Depths:5 | Found a gate to the Realm of Zot.
 64699 | Depths:5 | Voluntarily entered the Abyss.
 64994 | Abyss:1  | Received a gift from Okawaru
 65136 | Abyss:2  | Found a corrupted altar of Lugonu.
 65254 | Abyss:4  | Received a gift from Okawaru
 65418 | Abyss:4  | Gained mutation: You do not regenerate. [a neqoxec]
 65481 | Abyss:5  | Entered Level 5 of the Abyss
 65697 | Abyss:5  | Received a gift from Okawaru
 65703 | Depths:5 | Escaped the Abyss
 66187 | Depths:5 | Voluntarily entered the Abyss.
 66198 | Abyss:2  | Found a corrupted altar of Lugonu.
 66523 | Abyss:3  | Reached XP level 27. HP: 243/243 MP: 26/28
 66583 | Abyss:3  | Found a corrupted altar of Lugonu.
 66849 | Abyss:3  | Found a corrupted altar of Lugonu.
 67017 | Abyss:3  | Got an abyssal rune of Zot
 67023 | Depths:5 | Escaped the Abyss
 67363 | Vaults:5 | Entered Level 5 of the Vaults
 67363 | Vaults:5 | Noticed an ancient lich
 67398 | Vaults:5 | Received a gift from Okawaru
 67400 | Vaults:5 | Killed an ancient lich
 67648 | Vaults:5 | Got a pair of bloodstained gloves {god gift}
 67652 | Vaults:5 | Identified the +2 pair of gloves of Vlad {rN++ MR++ Int-2} (Okawaru gifted it to you on level 5 of the Vaults)
 67799 | Vaults:5 | Got a silver rune of Zot
 68410 | Vaults:4 | Received a gift from Okawaru
 68775 | Vaults:5 | Got a thick robe
 68956 | Vaults:5 | Got an ichor-stained flail {flame}
 69315 | Vaults:5 | Found Ceiv's Antique Armour Shoppe.
 69316 | Vaults:5 | Found Qozepn's Magic Scroll Shop.
 69321 | Vaults:5 | Bought a scroll of blinking for 127 gold pieces
 69321 | Vaults:5 | Bought a scroll of teleportation for 51 gold pieces
 69321 | Vaults:5 | Bought a scroll of teleportation for 51 gold pieces
 69892 | Vaults:5 | Found Tadiate's Distillery.
 69897 | Vaults:5 | Bought a potion of curing for 48 gold pieces
 69897 | Vaults:5 | Bought a potion of magic for 128 gold pieces
 69897 | Vaults:5 | Bought a potion of haste for 160 gold pieces
 69897 | Vaults:5 | Bought 2 potions of cure mutation for 800 gold pieces
 69897 | Vaults:5 | Bought a potion of curing for 48 gold pieces
 69897 | Vaults:5 | Bought a potion of resistance for 160 gold pieces
 69897 | Vaults:5 | Bought a potion of curing for 48 gold pieces
 69897 | Vaults:5 | Bought a potion of agility for 64 gold pieces
 69904 | Vaults:5 | Found Baxuash's Jewellery Shoppe.
 70070 | Crypt:1  | Entered Level 1 of the Crypt
 70128 | Crypt:1  | Received a gift from Okawaru
 70179 | Crypt:1  | Found a magical portal.
 70198 | WizLab   | Entered Wucad Mu's Monastery
 70597 | WizLab   | Gained mutation: Your skin changes colour to match your surroundings (Stealth+). [potion of beneficial mutation]
 71853 | Crypt:3  | Entered Level 3 of the Crypt
 71908 | Crypt:3  | Noticed Sojobo
 71928 | Crypt:3  | Killed Sojobo
 71946 | Crypt:3  | Found a staircase to the Tomb.
 72354 | Crypt:3  | Received a gift from Okawaru
 72486 | Crypt:3  | Found a shimmering altar of Xom.
 72532 | Crypt:3  | Noticed an ancient lich
 72546 | Crypt:3  | Killed an ancient lich
 72546 | Crypt:3  | Received a gift from Okawaru
 72664 | Crypt:3  | Identified the Catalogue of Virous Boosts
 72674 | Crypt:3  | Identified Ereshkigal's Incunabulum of Necromancy
 72687 | Crypt:3  | Got a bloodstained mace
 72809 | Crypt:3  | Received a gift from Okawaru
 73594 | Slime:1  | Entered Level 1 of the Pits of Slime
 73626 | Slime:1  | Gained mutation: You are dopey. (Int -2) [a shining eye]
 73630 | Slime:1  | Gained mutation: You tend to lose your temper in combat. [a shining eye]
 73854 | Slime:1  | You fall through a shaft!
 73870 | Slime:2  | Lost mutation: You are dopey. (Int -2) [potion of cure mutation]
 73870 | Slime:2  | Lost mutation: You are agile. (Dex +2) [potion of cure mutation]
 73870 | Slime:2  | Lost mutation: Your magical capacity is low. (-10% MP) [potion of cure mutation]
 73870 | Slime:2  | Lost mutation: You tend to lose your temper in combat. [potion of cure mutation]
 73870 | Slime:2  | Lost mutation: You are partially covered in iridescent scales. (AC +2) [potion of cure mutation]
 73870 | Slime:2  | Lost mutation: You regenerate slowly when monsters are visible. [potion of cure mutation]
 74332 | Slime:5  | Entered Level 5 of the Pits of Slime
 74467 | Slime:5  | Received a gift from Okawaru
 74572 | Slime:5  | Gained mutation: You tend to lose your temper in combat. [a shining eye]
 74577 | Slime:5  | Gained mutation: You are dopey. (Int -2) [a shining eye]
 74581 | Slime:5  | Lost mutation: You are dopey. (Int -2) [a shining eye]
 74697 | Slime:5  | Found a viscous altar of Jiyva.
 74698 | Slime:5  | Noticed the Royal Jelly
 74705 | Slime:5  | Killed the Royal Jelly
 74799 | Slime:5  | Got a crude scale mail
 74819 | Slime:5  | Got a scorched falchion
 74822 | Slime:5  | Got a pitted lead ring
 74823 | Slime:5  | Identified the ring "Need" {rF+ rC++ MR-} (You found it on level 5 of the Pits of Slime)
 74863 | Slime:5  | Got a slimy rune of Zot
 74898 | Slime:5  | Identified Zemiuz's Compendium of the Ensnaring Blaze
 75501 | Hell     | Entered the Vestibule of Hell
 75501 | Hell     | Noticed Geryon
 75504 | Hell     | Noticed Murray
 75512 | Hell     | Killed Geryon
 75525 | Hell     | Killed Murray
 75538 | Lair:6   | Received a gift from Okawaru
 76182 | Hell     | Found a gateway to the ashen valley of Gehenna.
 76303 | Hell     | Found a gateway to the Iron City of Dis.
 76369 | Hell     | Found a gateway to the freezing wastes of Cocytus.
 76529 | Hell     | Found a gateway to the decaying netherworld of Tartarus.
 77310 | Pan      | Entered Pandemonium
 77351 | Pan      | Received a gift from Okawaru
 77352 | Pan      | Noticed Wiogil the pandemonium lord
 77370 | Pan      | Killed Wiogil the pandemonium lord
 77422 | Pan      | Got a pair of smoking gloves {god gift}
 77423 | Pan      | Identified the +0 pair of gloves "Qack" {Str+2 Int+4} (Okawaru gifted it to you in Pandemonium)
 78385 | Pan      | Found an exit through the horrors of the Abyss.
 78713 | Pan      | Found an exit through the horrors of the Abyss.
 78924 | Pan      | Reached skill level 27 in Stealth
 79110 | Pan      | Noticed Vaistysh the pandemonium lord
 79116 | Pan      | Killed Vaistysh the pandemonium lord
 79919 | Pan      | Found an exit through the horrors of the Abyss.
 79941 | Pan      | Noticed Sacw the pandemonium lord
 79950 | Pan      | Killed Sacw the pandemonium lord
 80218 | Pan      | Got a crude chain mail
 80511 | Pan      | Received a gift from Okawaru
 80577 | Pan      | Noticed Nefeam the pandemonium lord
 80612 | Pan      | Killed Nefeam the pandemonium lord
 80640 | Pan      | Identified Sif Muna's Disquisition on Scorching Weightlessness
 81069 | Pan      | Noticed Ikkakk the pandemonium lord
 81080 | Pan      | Killed Ikkakk the pandemonium lord
 81268 | Pan      | Got a brightly glowing quarterstaff
 81281 | Pan      | Found an exit through the horrors of the Abyss.
 81290 | Pan      | Took an exit into the Abyss.
 81290 | Abyss:1  | Escaped into the Abyss
 81298 | Abyss:1  | Found a corrupted altar of Lugonu.
 81342 | Depths:2 | Escaped the Abyss
 81724 | D:2      | Fell from the grace of Okawaru
 81724 | D:2      | Became a worshipper of Makhleb the Destroyer
 82080 | Tar:1    | Entered Level 1 of Tartarus
 82296 | Tar:1    | Reached * piety under Makhleb
 82513 | Tar:1    | Gained mutation: Scrolls take you a little longer to read. [mutagenic glow]
 82564 | Tar:1    | Gained mutation: You are occasionally teleported next to monsters. [mutagenic glow]
 82692 | Tar:1    | Lost mutation: You tend to lose your temper in combat. [potion of cure mutation]
 82692 | Tar:1    | Lost mutation: Scrolls take you a little longer to read. [potion of cure mutation]
 82692 | Tar:1    | Lost mutation: You are occasionally teleported next to monsters. [potion of cure mutation]
 82692 | Tar:1    | Lost mutation: Your skin changes colour to match your surroundings (Stealth+). [potion of cure mutation]
 82693 | Tar:1    | Reached ** piety under Makhleb
 83206 | Tar:1    | Reached *** piety under Makhleb
 84144 | Tar:2    | Reached **** piety under Makhleb
 84637 | Tar:2    | Reached skill level 15 in Dodging
 84811 | Tar:2    | Reached ***** piety under Makhleb
 86259 | Tar:4    | HP: 7/248 [bone dragon[a doom hound] (9)]
 86531 | Tar:4    | Reached ****** piety under Makhleb
 86631 | Tar:4    | Was forgiven by Okawaru
 87581 | Tar:5    | Noticed an ancient lich
 87585 | Tar:5    | Killed an ancient lich
 88776 | Tar:6    | Gained mutation: Your mind is acute. (Int +2) [mutagenic glow]
 88869 | Tar:6    | Reached skill level 27 in Fighting
 89963 | Tar:7    | Entered Level 7 of Tartarus
 91216 | Tar:7    | Got a crystal flail
 91491 | Tar:7    | Got a vibrating brass ring
 91492 | Tar:7    | Identified the ring of the Firefly {rPois MP-9 AC+2 Str+2 Int+2} (You found it on level 7 of Tartarus)
 92087 | Tar:7    | Noticed Ereshkigal
 92115 | Tar:7    | Killed Ereshkigal
 92292 | Tar:7    | Got a bone rune of Zot
 92301 | Tar:7    | Got a twitching ivory ring
 92302 | Tar:7    | Identified the ring "Jemin" {MR++ EV+3} (You found it on level 7 of Tartarus)
 92913 | Zot:1    | Entered Level 1 of the Realm of Zot
 92971 | Zot:1    | Got a brightly glowing shortbow
 93251 | Zot:1    | Reached skill level 15 in Invocations
 93841 | Zot:1    | Got a smoking pewter ring
 93842 | Zot:1    | Identified the ring of the Demon Prince {Dex+3 Slay+3 SInv} (You acquired it on level 1 of the Realm of Zot)
 94447 | Coc:1    | Entered Level 1 of Cocytus
 94628 | Coc:2    | You fall through a shaft!
 94761 | Coc:7    | Entered Level 7 of Cocytus
 95117 | Coc:7    | Got a transparent flail
 95124 | Coc:7    | Got a serpentine wooden ring
 95125 | Coc:7    | Identified the ring "Tonn" {rPois rF+ Int+3 Stlth+} (You found it on level 7 of Cocytus)
 95273 | Coc:7    | HP: 12/272 [shard shrike[the effects of Hell] (7)]
 95273 | Coc:7    | Killed from afar by a shard shrike

Vault maps used:
D:1:      minmay_arrival_doors, minmay_pentomino_x4
D:2:      grunt_temple_overflow_open, hangedman_decor_push,
          minmay_small_reverse_x
D:3:      xom_teletrap_fun, minitemple, first_bread, kennysheep_doodads,
          minivault_26, nicolae_ru_path_of_blood
D:4:      kennysheep_spiral_hall, lemuel_doored_altar,
          nicolae_overflow_crystal_walls, uniq_robin
D:5:      serial_shops, shop, uniq_edmund
D:6:      serial_shops, nicolae_shop_statue_plus, uniq_blork_the_orc
D:7:      lemuel_round_altar
D:8:      overflow_temple_1_default, serial_shops, shop_fountains,
          hangedman_ranch, st_stairs_4, grunt_ministairs_7
D:9:      minmay_lair_entry_lava, hangedman_minor_magic
D:11:     lab_entry_generic, special_room
D:12:     orc_0_dummy, serial_ice, serial_ice_j, serial_ice_d, serial_ice_m,
          serial_ice_o, serial_ice_n, serial_ice_g, serial_ice_f, serial_ice_b,
          portal_ice_cave_entry_pillars_2, kennysheep_cross_room
D:13:     lightli_vaults_fourway_checkpoint
D:14:     hangedman_decor_growths, minmay_misc_feat_alley, uniq_roxanne,
          uniq_sonja
D:15:     hangedman_depths_entry_try_elsewhere_first, elyvilon_altar_5,
          kennysheep_treasure_room
Lair:1:   statuecave_lemuel
Lair:2:   worms_lemuel, minmay_lair_oklob_chamber
Lair:3:   minmay_shoals_entry_beasts, grunt_forest_small_clearings, st_stairs_3,
          eino_small_chamber_without_monster, lemuel_oklob_altar
Lair:4:   nicolae_spider_entry_non_spiders, special_room, grunt_megastairs_5
Lair:5:   nicolae_slime_entry_slimehenge
Lair:6:   evil_forest, serial_bayou_shore_b, infiniplex_staircase_pool,
          serial_bayou_shore_a, uniq_snorg
Shoals:1: serial_shops, nicolae_shop_temple_entry_statues_fountains,
          nicolae_shoals_seven_spires, argonaut_gorgonesque
Shoals:2: uniq_polyphemus
Shoals:3: cheibrodos_shoals_epimethial_gifts
Shoals:4: shoals_end_simple, shoals_ilsuiw_ice
Spider:1: uniq_louise, uniq_josephine
Spider:2: nicolae_orb_stairs, uniq_frances, uniq_kirke
Spider:4: floodkiller_spider_rune_tomb, nicolae_orb_island
Slime:3:  nicolae_slime_phagocytosis
Orc:1:    special_room, serial_shops, nicolae_shop_behind_doors,
          minmay_orc_temple_a, uniq_maurice, uniq_fannar, uniq_erolcha
Orc:2:    st_orc_open
Elf:1:    elf_arrival_001, serial_shops, shop, minmay_elf_demonology
Elf:2:    serial_shops, nicolae_shop_behind_doors
Elf:3:    elf_hall
Vaults:1: nicolae_vaults_little_squares_6, grunt_vaults_bifocal, v_misc_29,
          vaults_room_fancy_cross, vaults_dpeg_doors, v_rooms_5, st_lattice,
          ontoclasm_vaults_spin, v_misc_11, v_misc_22, vaults_dpeg_hooks,
          grunt_vaults_hallway_long, ontoclasm_vaults_ring_square,
          nicolae_vaults_specimen_jars, nicolae_vaults_border_crossing,
          serial_shops, nicolae_shop_temple_entry_statues_fountains
Vaults:2: nicolae_vaults_windows_and_doors_thing, minmay_crypt_entry_simple_box,
          st_hourglassy, v_rooms_4, ontoclasm_vaults_gateway,
          ontoclasm_vaults_ring_large, hangedman_vaults_impose, v_pattern_2,
          hangedman_vaults_restitches, v_misc_9, ontoclasm_vaults_bender,
          ontoclasm_vaults_shuriken, stair_cage_open, enter_trove_0
Vaults:3: v_misc_30, hangedman_vaults_cutoff, ontoclasm_vaults_eye,
          nicolae_vaults_alarming, v_misc_26, hangedman_vaults_cutoff,
          nicolae_vaults_an_arrangement, nicolae_vaults_shelves_hall,
          grunt_vaults_hallway_long, vaults_dpeg_diagonal,
          grunt_vaults_hallway_long, uniq_margery, uniq_mennas
Vaults:4: vaults_room_large_hall, v_pattern_5, grunt_vaults_swirl,
          ontoclasm_vaults_pinch, nicolae_vaults_circle_grid_a, v_misc_8,
          hangedman_vaults_cutoff, ontoclasm_vaults_ring_small,
          hangedman_vaults_river_flow, v_misc_18, serial_shops, shop
Vaults:5: serial_shops
Crypt:1:  infiniplex_enter_wizlab_water, grunt_ministairs_9,
          skrybe_necro_troll_2
Crypt:2:  grunt_megastairs_4
Crypt:3:  church_of_pain_bobbens, uniq_sojobo
Depths:1: dpeg_oklob_gauntlet, grunt_mini_vestibule, minmay_misc_feat_diagonals,
          pandoras_box_mu, uniq_aizul
Depths:2: box_level_dp, hell_entry, pan_entry, uniq_asterion
Depths:3: hangedman_cross_cluster, pan_entry, pf_coc_iceberg,
          grunt_decor_one_mirror, uniq_jorgrun, uniq_boris, uniq_frederick
Depths:4: minmay_ambush_box, pan_entry, chequers_big_river,
          minmay_room_of_horrors, hell_entry, kennysheep_generic_room_6,
          firewood_loft
Depths:5: grunt_zot_entry_tricorne, hell_entry, abyss_entry, minmay_hedge_maze
Coc:7:    coc_hangedman
Tar:5:    nicolae_tar_cuneiform_not
Tar:6:    nicolae_tar_cuneiform_two, nicolae_tar_cuneiform_heaven
Tar:7:    tar_minmay_river
Zot:1:    kennysheep_blocky_room, hangedman_zot_decor_tridents, st_stairs_12
Abyss:1:  evilmike_abyss_exit_15, hangedman_abyss_lost_library
Abyss:2:  evilmike_abyss_exit_mutagenic, evilmike_abyss_exit_chaos
Abyss:3:  minivault_5, hangedman_decor_points, minivault_26
Abyss:4:  evilmike_nicolae_abyss_rune_containment_curve
Abyss:5:  evilmike_abyss_exit_smiterflies, evilmike_abyss_rune_siren_acolytes,
          evilmike_abyss_exit_plants
Pan:      evilmike_mini_pan_layers, evilmike_mini_pan_diamond,
          nicolae_pan_door_chamber, evilmike_mini_pan_V,
          pan_blood_fountain_small, pan_blood_fountain, nicolae_pan_sigil_itan,
          grunt_pan_frozen_over, pan_blood_fountain, pan_blood_fountain_2,
          rand_demon_5, pan_blood_fountain_small, rand_demon_5,
          nicolae_pan_cerebovesque_1
Lab:      labyrinth_skeletal_remains, nicolae_lab_do_over, nicolae_lab_arrow
Trove:    trove_armour_six_rooms
IceCv:    ice_cave_small_necro
WizLab:   wizlab_wucad

Skill      XL: |  1  2  3  4  5  6  7  8  9 10 11 12 13 14 15 16 17 18 19 20 21 22 23 24 25 26 27 |
---------------+----------------------------------------------------------------------------------+-----
Axes           | 3 4 5 7 8 12 15 16 18 21 22 23 27 | 27.0
Invocations    | 1 3 5 6 10 12 20 | 20.9
Fighting       | 5 7 11 13 14 16 17 18 19 27 | 27.0
Armour         | 4 7 10 11 12 13 14 15 16 17 24 | 24.0
Dodging        | 4 7 8 9 10 15 | 15.0
Crossbows      | 7 9 10 11 14 17 18 19 21 22 | 22.0
Stealth        | 3 14 18 27 | 27.0
Shields        | |  3.2

Action                   |  1- 3 |  4- 6 |  7- 9 | 10-12 | 13-15 | 16-18 | 19-21 | 22-24 | 25-27 || total
-------------------------+-------+-------+-------+-------+-------+-------+-------+-------+-------++-------
Melee: War axe           |   120 |   306 |   163 |       |       |       |       |       |       ||   589
       Battleaxe         |       |       |   116 |   572 |   580 |       |       |       |       ||  1268
       Executioner's axe |       |       |       |       |    17 |  1100 |   842 |  1045 |  4235 ||  7239
 Fire: Arbalest          |       |       |       |       |       |    92 |   218 |     7 |     7 ||   324
       Hand crossbow     |       |       |       |       |       |    16 |       |       |       ||    16
       Heavy crossbow    |       |       |       |       |       |       |       |       |   423 ||   423
Invok: Heroism           |       |       |    11 |    32 |    29 |    34 |    26 |    26 |    61 ||   219
       Finesse           |       |       |       |       |     7 |     4 |     2 |     1 |     5 ||    19
Evoke: Wand              |       |       |       |       |       |       |       |     1 |     2 ||     3
  Use: Potion            |       |     1 |       |       |     2 |     2 |     2 |     4 |    22 ||    33
       Scroll            |       |       |       |       |    31 |    13 |     3 |    19 |    24 ||    90
 Stab: Sleeping          |       |       |       |       |       |       |       |     3 |   154 ||   157
       Distracted        |       |       |       |       |       |       |       |       |    54 ||    54
       Confused          |       |       |       |       |       |       |       |       |     1 ||     1
  Eat: Chunk             |     1 |    11 |    12 |    21 |    14 |    33 |    21 |    28 |    29 ||   170
       Royal jelly       |       |     1 |       |       |     1 |       |     6 |     5 |     7 ||    20
       Beef jerky        |       |       |       |       |     2 |     3 |     1 |     2 |     3 ||    11
       Pizza             |       |       |       |       |     2 |     6 |       |     2 |       ||    10
       Meat ration       |       |       |       |       |       |       |       |       |    14 ||    14
       Fruit             |       |       |       |       |       |       |       |       |     1 ||     1
Armor: Scale mail        |    23 |       |       |       |       |       |       |       |       ||    23
       Chain mail        |    46 |   162 |   104 |    83 |       |       |       |       |       ||   395
       Plate armour      |       |       |       |   113 |       |       |       |       |       ||   113
       Crystal plate arm |       |       |       |   103 |   358 |   938 |   783 |   705 |       ||  2887
       Shadow dragon sca |       |       |       |       |       |       |       |     4 |  1819 ||  1823
Dodge: Dodged            |    26 |    89 |   110 |   260 |   261 |   682 |   569 |   553 |  3075 ||  5625
Block: Shield            |    72 |   160 |    59 |       |       |       |       |       |       ||   291
       Other             |       |       |       |       |       |       |       |    35 |       ||    35
       Reflection        |       |       |       |       |       |       |       |     2 |       ||     2
